 Dungeon Crawl Stone Soup version 0.29.1-2-gbd0b4ee654 (webtiles) character file.

Game seed: 13913073888029706188

4 concernfroge the Trooper (level 1, -1/18 HPs)
             Began as a Mummy Monk on Nov 26, 2022.
             Slain by a kobold
             ... wielding a +0 whip
              (5 damage)
             ... on level 1 of the Dungeon.
             The game lasted 00:00:43 (83 turns).

concernfroge the Trooper (Mummy Monk)                 Turns: 83, Time: 00:00:44

Health: -1/18      AC:  2    Str: 14    XL:     1   Next: 58%
Magic:  1/1        EV: 12    Int:  9    God:
Gold:   0          SH:  0    Dex: 14    Spells: 0/0 levels left

rFire   x . .      SeeInvis .   a - +0 spear
rCold   + . .      Faith    .   (no shield)
rNeg    + + +      Spirit   .   b - +0 robe
rPois   ∞          Reflect  .   (no helmet)
rElec   .          Harm     .   (no cloak)
rCorr   .          Rampage  .   (no gloves)
Will    .....                   (no boots)
Stlth   ++........              (no amulet)
HPRegen 0.06/turn               (no ring)
MPRegen 0.07/turn               (no ring)

@: no status effects
A: cold resistance 1, negative energy resistance 3, torment resistance 2, heat
vulnerability 1, no potions
a: no special abilities


You were on level 1 of the Dungeon.
You visited 1 branch of the dungeon, and saw 1 of its levels.

Inventory:

Hand Weapons
 a - a +0 spear (weapon)
Armour
 b - a +0 robe (worn)


   Skills:
 + Level 3.3 Fighting
 - Level 2.4 Polearms
 - Level 2.4 Dodging
 - Level 1.5 Stealth


You couldn't memorise any spells.
You didn't know any spells.
Your spell library was empty.

Dungeon Overview and Level Annotations

Branches:
Dungeon (1/15)

Altars:

Shops:
D:1 *[


Innate Abilities, Weirdness & Mutations

You are immune to poison.
Your flesh is cold resistant. (rC+)
You are immune to negative energy. (rN+++)
You are immune to unholy pain and torment.
You are vulnerable to heat. (rF-)
You do not drink.


Message History

The frilled lizard is heavily wounded.
The frilled lizard barely misses you.
You closely miss the frilled lizard.
The frilled lizard is heavily wounded.
The frilled lizard barely misses you.
You hit the frilled lizard.
You kill the frilled lizard!
The frilled lizard unfolds its giant frill.
You miss the kobold. The kobold hits you with a +0 whip.
You closely miss the kobold. The kobold hits you with a +0 whip.
You are too injured to fight recklessly!
You closely miss the kobold. The kobold barely misses you.
You hit the kobold.
The kobold is moderately wounded.
The kobold hits you with a +0 whip.
You hit the kobold but do no damage.
The kobold is moderately wounded.
The kobold hits you with a +0 whip.
* * * LOW HITPOINT WARNING * * *
You barely miss the kobold.
The kobold is moderately wounded.
The kobold hits you but does no damage.
You aren't carrying any scrolls.
You closely miss the kobold.
The kobold is moderately wounded.
The kobold hits you but does no damage.
The frilled lizard unfolds its giant frill.
You completely miss the kobold.
The kobold is moderately wounded.
The kobold completely misses you.
You barely miss the kobold.
The kobold is moderately wounded.
The kobold closely misses you.
You closely miss the kobold.
The kobold is moderately wounded.
The kobold misses you.
You closely miss the kobold.
The kobold is moderately wounded.
The kobold hits you with a +0 whip.
You die...

######## #....<..
######## #.......
.......# #.#.....
...♣...# #.......
.♣.∩.♣(# #.......
...♣...########
#.#.....
.......#.....l########
#.......
............lllK@...>#
#.......
.###........#ll#####.#
#.#.....
.....###....#..# #∩#
#....... .....
#.####..# #.# #.......
~~l~. ### .... #.#
#.#..... l~~~ .....#
#.#####....... ~~~~
##....# #.....#>...>..
~~l ###+##
#.###......... #.#
##########


You could see a kobold and 6 frilled lizards.

Vanquished Creatures
  3 endoplasms (D:1)
  A frilled lizard (D:1)
4 creatures vanquished.

Notes
Turn   | Place    | Note
-------+----------+-------------------------------------------
     0 | D:1      | concernfroge the Mummy Monk began the quest for the Orb.
     0 | D:1      | Reached XP level 1. HP: 18/18 MP: 1/1
    19 | D:1      | Found Teupetap's Antique Armour Emporium.
    41 | D:1      | Found Cug Hawk's Assorted Antiques.
    83 | D:1      | Slain by a kobold

Illustrated notes

Levels and vault maps discovered:
D:1:      lemuel_arrival_broad_hall, layout_basic,
          shapermc_ecumenical_altar_acropolis, serial_shops, shop,
          shop_fountains, shop, nicolae_shop_trees, chequers_garden,
          minmay_lizard_pond

Action                   || total
-------------------------++-------
Melee: Spear             ||    29
 Stab: Sleeping          ||     1
Armor: Robe              ||     3
Dodge: Dodged            ||    13
